 Dungeon Crawl Stone Soup version 0.31-a0-986-g5e6e4ef867 (webtiles) character file.

Game seed: 17293536529046765375

128 Jeffwins the Ruffian (level 4, -1/25 HPs)
             Began as a Draconian Shapeshifter on Nov 24, 2023.
             Slain by Natasha (6 damage)
             ... on level 3 of the Dungeon.
             The game lasted 00:04:36 (2216 turns).

Jeffwins the Ruffian (Draconian Shapeshifter)       Turns: 2216, Time: 00:04:37

Health: -1/25      AC:  5    Str: 22    XL:     4   Next: 86%
Magic:  4/4        EV: 12    Int: 12    God:
Gold:   67         SH:  0    Dex: 11    Spells: 3/3 levels left

rFire   + .          .
                       - Unarmed
rCold   . . .        (shield currently unavailable)
rNeg    . . .        (body armour unavailable)
rPois   .            (helmet restricted)
rElec   .            (no cloak)
rCorr   .            (no gloves)
SInv    .            (no boots)
Will    .....        (no amulet)
Stlth   +            F - ring of protection from fire
HPRegen 0.24/turn    S - +6 ring of strength
MPRegen 0.09/turn

%: no passive effects
@: flux-form, slowed, glowing, very slow
A: glow, contaminating, reduced hp, AC +5, unfitting armour, cold-blooded
a: Begin Untransformation


You were on level 3 of the Dungeon.
You were something dangerously unstable.
You visited 1 branch of the dungeon, and saw 3 of its levels.

You collected 67 gold pieces.


Innate Abilities, Weirdness & Mutations

You are something dangerously unstable.
You glow with magical radiation, making you easy to see and hit.
Foes you strike become dangerously contaminated with magical radiation.
Your maximum health is decreased, since you lack skill for your form.
You are incapable of wielding weapons or throwing items.
Your plain brown scales are hard. (AC +5)
You cannot fit into any form of body armour.
You are cold-blooded and may be slowed by cold attacks.


   Skills:
 - Level 1.1 Fighting
 - Level 1.7 Dodging
 + Level 4.5 Unarmed Combat
 + Level 4.2 Shapeshifting


You had 3 spell levels left.
You didn't know any spells.
Your spell library contained the following spells:

 Spells                   Type           Power      Damage    Failure   Level
 Necrotise                Necr           0%         1d4       32%         1
 Vampiric Draining        Necr           0%         2d6       69%         3
 Agony                    Necr           0%         N/A       100%        5

Inventory:

Armour
 d - a +2 pair of boots
 h - a +0 pair of gloves
 l - a +0 buckler
Jewellery
 F - a ring of protection from fire (left hand)
 H - an amulet of faith {!P}
 S - a +6 ring of strength (right hand)
Talismans
 b - a beast talisman
 c - a flux talisman (active)
Scrolls
 g - a scroll of fog {unknown}
 j - a scroll of brand weapon {unknown}
 k - a scroll of enchant weapon {unknown}
 m - a scroll of identify {unknown}
Potions
 a - a potion of lignification {!q}
 e - a potion of magic {unknown}
 f - a potion of attraction {unknown}
 i - a potion of mutation {unknown}

Dungeon Overview and Level Annotations

Branches:
Dungeon (3/15)

Altars:

Annotations:
D:3 Natasha

####.# ....†#####.# #
...........# ..
.........###################.###
....####.#........(............#
....# # ##.....#####.........
....# #....†# #.########
....####.# #.....# #.#..
.........# #...p.# #.#.###
..#.###### #..h..# #.#... #.#.#
######.#### #.#..#..
#...####...# #. #.#..#.#
###........###. ######.#..#.#
.............. .........>.#.#
###..##....# # ###...P....#.#
##.......# .....PPP...#.#
###..#### ##..P...PP.#.###


You could see Natasha (heavy contam, misshapen).


Message History

You hit Natasha but do no damage.
Natasha begins to glow.
Natasha claws you. x2
Unknown command.
You completely miss Natasha. Natasha misses you.
You punch Natasha!
Natasha glows dangerously bright.
Natasha is heavily wounded.
Natasha casts a spell at you. The magic dart hits you!
* * * LOW HITPOINT WARNING * * *
You barely miss Natasha.
Natasha is heavily wounded.
Natasha barely misses you. Natasha claws you.
* * * LOW HITPOINT WARNING * * *
Unknown command.
You hit Natasha.
Natasha shudders as magic cascades through her.
Natasha twists and deforms.
Natasha is severely wounded.
Natasha barely misses you.
You closely miss Natasha.
Your tail-slap misses Natasha.
Natasha is severely wounded.
Natasha closely misses you. Natasha misses you.
You hit Natasha.
Natasha begins to glow.
You tail-slap Natasha.
Natasha is almost dead.
Natasha misses you.
Unknown command.
You hit Natasha.
Natasha glows dangerously bright.
Natasha is almost dead.
Natasha claws you.
You die...
Natasha begins licking her fur clean.

Skill      XL: |  1  2  3  4 |
---------------+-------------+-----
Unarmed Combat | 4 |  4.5
Shapeshifting  | 4 |  4.2
Fighting       | |  1.1
Dodging        | |  1.7

Action                     |  1- 3 |  4- 6 || total
---------------------------+-------+-------++-------
  Melee: Unarmed           |   125 |    65 ||   190
         Tailslap          |    11 |     7 ||    18
         Punch             |     1 |     2 ||     3
 Armour: Skin              |    62 |    37 ||    99
  Dodge: Dodged            |    75 |    35 ||   110
   Form: Flux              |       |     1 ||     1

Levels and vault maps discovered:
D:1:      dpeg_arrival_line_fractal, layout_loops_corners
D:2:      layout_loops_ring, hellmonk_ecumenical_altar_watching_god,
          kennysheep_another_room
D:3:      layout_basic, cheibrodos_ashenzari_chains,
          dreamdust_mushroom_princess, uniq_natasha, uniq_crazy_yiuf_cottage

Notes
Turn   | Place    | Note
-------+----------+-------------------------------------------
     0 | D:1      | Jeffwins the Draconian Shapeshifter began the quest for the
                  | Orb.
     0 | D:1      | Reached XP level 1. HP: 16/16 MP: 1/1
   190 | D:1      | Reached XP level 2. HP: 23/23 MP: 2/2
   928 | D:1      | Reached XP level 3. HP: 26/28 MP: 3/3
  1407 | D:2      | Reached skill level 4 in Unarmed Combat
  1463 | D:2      | Noticed a shining eye
  1464 | D:2      | Found a faded altar of an unknown god.
  1481 | D:2      | Reached XP level 4. HP: 28/35 MP: 4/4
  1518 | D:2      | Noticed a shining eye
  1522 | D:2      | Noticed a great orb of eyes
  1522 | D:2      | Noticed a shining eye
  1870 | D:3      | Noticed Natasha
  1955 | D:3      | Killed Natasha
  1956 | D:3      | Reached skill level 4 in Shapeshifting
  2204 | D:3      | Noticed Natasha
  2216 | D:3      | Slain by Natasha

Vanquished Creatures
  Natasha (D:3)
  3 adders
  A worm (D:2)
  2 dart slugs
  4 ball pythons
  4 endoplasms
  3 giant cockroaches
  3 goblins (D:1)
  11 hobgoblins
  7 jackals
  6 kobolds (D:2)
  4 quokkas
  5 bats
  6 frilled lizards
  A rat (D:2)
61 creatures vanquished.

Table legend: (Time is in decaauts)
 A = Elapsed time spent in this place.
 B = Non-inter-level travel time spent in this place.
 C = Inter-level travel time spent in this place.
 D = Time resting spent in this place.
 E = Time spent auto-exploring this place.
 F = Levels seen in this place.
 G = Mean time per level.
                   A        B        C        D        E       F      G
               +--------+--------+--------+--------+--------+-----+--------+
         Total |   2213 |   2117 |     96 |     56 |   1667 |   3 |  737.7 |
       Dungeon |   2213 |   2117 |     96 |     56 |   1667 |   3 |  737.7 |
               +--------+--------+--------+--------+--------+-----+--------+

Top non-repeatable levels by time:
     D:1: 1020 daAuts
     D:2: 914 daAuts
     D:3: 278 daAuts

Table legend:
 A = Non-vault XP
 B = Vault XP
 C = Vault XP percentage of total XP
 D = Non-vault monster count
 E = Vault monster count
 F = Vault count percentage of total count
                 A         B        C        D         E       F
            +---------+---------+-------+---------+---------+-------
      Total |     148 |      35 |  19.1 |      60 |       1 |   1.6
            +---------+---------+-------+---------+---------+-------
        D:1 |      43 |       0 |   0.0 |      24 |       0 |   0.0
        D:2 |      64 |       0 |   0.0 |      26 |       0 |   0.0
        D:3 |      41 |      35 |  46.1 |      10 |       1 |   9.1
            +---------+---------+-------+---------+---------+-------
